 Dungeon Crawl Stone Soup version 0.21.0-3-g78d12a8 (webtiles) character file.

6619 grisnicke the Grappler (level 10, -3/102 HPs)
             Began as a Troll Skald on Jan 9, 2018.
             Was a Priest of Elyvilon.
             Slain by a centaur (8 damage)
             ... on level 9 of the Dungeon.
             The game lasted 00:47:30 (8509 turns).

grisnicke the Grappler (Troll Skald)                Turns: 8509, Time: 00:47:31

Health: -3/102     AC:  7    Str: 21    XL:     10   Next: 72%
Magic:  9/12       EV: 12    Int: 11    God:    Elyvilon [***...]
Gold:   249        SH:  0    Dex: 10    Spells: 8/11 levels left

rFire    . . .     SeeInvis +     - Unarmed
rCold    . . .     Gourm    +   (no shield)
rNeg     . . .     Faith    .   a - +1 robe
rPois    .         Spirit   .   (helmet restricted)
rElec    .         Reflect  .   y - +0 cloak
rCorr    .         Harm     .   (gloves unavailable)
MR       .....                  (boots unavailable)
Stlth    ++........             I - amulet of magic regeneration
HPRegen  0.67/turn              x - ring of stealth (curse) {Stlth+}
MPRegen  0.38/turn              g - ring of see invisible {sInv, !d}

@: no status effects
A: large, unfitting armour, claws 3, fast metabolism 3, gourmand, regeneration
1, shaggy fur 1, tough skin 2
a: Lesser Healing, Heal Other, Purification, Divine Protection, Renounce
Religion


You were on level 9 of the Dungeon.
You worshipped Elyvilon.
Elyvilon was most pleased with you.
You were very full.

You visited 2 branches of the dungeon, and saw 10 of its levels.

You collected 361 gold pieces.
You spent 112 gold pieces at shops.

Inventory:

Hand Weapons
 b - a +1 hunting sling
   (You took it off a goblin on level 2 of the Dungeon)
 w - a +3 blowgun
   (You took it off a kobold on level 3 of the Dungeon)
 K - a +0 scimitar of flaming
   (You took it off Erica on level 9 of the Dungeon)
Missiles
 j - a throwing net {=f, !d}
 o - 200 stones
 r - 19 tomahawks (quivered)
 v - 18 poisoned needles
 D - 37 sling bullets
 H - 8 curare-tipped needles
Armour
 a - a +1 robe (worn)
 y - a +0 cloak (worn)
   (You found it on level 6 of the Dungeon)
 L - a +0 robe of resistance
   (You took it off Erica on level 9 of the Dungeon)
Jewellery
 g - a ring of see invisible (right claw) {sInv, !d}
   (You found it on level 6 of the Dungeon)
 h - an uncursed ring of resist corrosion
   (You found it on level 4 of the Dungeon)
 x - a cursed ring of stealth (left claw) {Stlth+}
   (You found it on level 3 of the Dungeon)
 I - an amulet of magic regeneration (around neck)
   (You found it on level 9 of the Dungeon)
Wands
 m - a wand of disintegration (9)
   (You found it on level 3 of the Dungeon)
 G - a wand of iceblast (8)
   (You found it on level 8 of the Dungeon)
Scrolls
 d - 4 scrolls of magic mapping {!r}
 k - a scroll of enchant armour
 l - a scroll of amnesia
 A - 2 scrolls of teleportation
 C - 2 scrolls of fear
 F - 3 scrolls of remove curse
 J - 2 scrolls of noise {unknown}
Potions
 e - 3 potions of heal wounds
 f - a potion of resistance
 i - 3 potions of cancellation
 n - 4 potions of mutation {!q}
 p - 4 potions of brilliance
 q - 4 potions of curing
 t - 2 potions of flight
 u - 2 potions of haste
 z - a potion of might
 B - 2 potions of lignification {unknown}
Books
 s - a book of Battle
 E - a book of Callings
   (You found it on level 8 of the Dungeon)
Comestibles
 c - 18 rations


   Skills:
 + Level 7.1 Fighting
 + Level 2.0 Throwing
 * Level 5.9 Dodging
 + Level 10.9 Unarmed Combat
 - Level 1.2 Spellcasting
 - Level 2.0 Charms
 - Level 5.1 Invocations


You had 8 spell levels left.
You knew the following spells:

 Your Spells              Type           Power        Failure   Level  Hunger
a - Infusion              Chrm           #...         14%         1    ##.....
s - Shroud of Golubria    Chrm/Tloc      #.........   32%         2    ###....


Dungeon Overview and Level Annotations

Branches:
Dungeon (9/15)             Temple (1/1) D:4
   Lair: D:8-11         Orc: D:9-12

Altars:
Dithmenos
Elyvilon
Fedhas
Gozag
Hepliaklqana
Kikubaaqudgha
Makhleb
Nemelex Xobeh
Okawaru
Qazlal
Ru
Sif Muna
Trog
Uskayaw
Wu Jian
Xom
Yredelemnul
Zin
The Shining One

Shops:
D:4 !

Annotations:
D:6 relec


Innate Abilities, Weirdness & Mutations

You are too large for most types of armour.
You have claws for hands.
Your metabolism is lightning-fast.
You like to eat raw meat.
Your natural rate of healing is unusually fast.
You are covered in fur. (AC +1)
You have very tough skin. (AC +2)


Message History

The big kobold completely misses you. The kobold hits you but does no damage.
You scratch the big kobold. The kobold barely misses you.
The big kobold hits you. The kobold closely misses you.
You completely miss the big kobold.
The bullfrog skeleton hits you but does no damage.
The kobold hits you but does no damage. The big kobold barely misses you.
You mangle the big kobold!!
You kill the big kobold!
The bullfrog skeleton hits you but does no damage.
The kobold barely misses you. The kobold closely misses you.
The bullfrog skeleton hits you but does no damage.
You miss the kobold. The kobold hits you but does no damage.
The orc completely misses you.
The bullfrog skeleton closely misses you.
You completely miss the kobold. Your claw misses the kobold.
The kobold hits you but does no damage. The kobold barely misses you.
The bullfrog skeleton hits you but does no damage.
The orc completely misses you.
You closely miss the kobold. The kobold closely misses you.
The bullfrog skeleton hits you but does no damage.
The kobold barely misses you.
You miss the kobold. The orc hits you.
The bullfrog skeleton hits you but does no damage.
The kobold closely misses you.
You take 1 damage, and have 92/102 hp.
You scratch the kobold.
You kill the kobold!
The kobold hits you but does no damage. The orc hits you.
The bullfrog skeleton barely misses you.
You take 1 damage, and have 91/102 hp.
You claw the kobold!
You kill the kobold!
The kobold closely misses you. The orc hits you but does no damage.
The bullfrog skeleton hits you!
You take 7 damage, and have 84/102 hp.
You closely miss the orc.
The bullfrog skeleton closely misses you.
The kobold hits you. The orc barely misses you.
You take 2 damage, and have 82/102 hp.
You claw the orc!
You kill the orc!
The centaur wields a glowing shortbow.
The centaur shoots an arrow.
The arrow hits you but does no damage.
The kobold throws a stone.
The stone hits you but does no damage.
The bullfrog skeleton barely misses you.
The kobold misses you.
You closely miss the kobold. The bullfrog skeleton hits you.
The centaur shoots an arrow.
The arrow hits you but does no damage.
The kobold throws a stone.
The stone hits you.
You take 4 damage, and have 78/102 hp.
You closely miss the kobold.
The centaur shoots an arrow.
The arrow hits you! The kobold barely misses you.
The bullfrog skeleton hits you but does no damage.
You take 11 damage, and have 67/102 hp.
You claw the kobold!
You kill the kobold!
The centaur shoots an arrow.
The arrow barely misses you.
The bullfrog skeleton hits you but does no damage.
The kobold hits you but does no damage.
You scratch the kobold.
You kill the kobold!
The centaur wields a shortbow.
The centaur shoots an arrow.
The arrow misses you.
The centaur shoots an arrow.
The arrow hits you!!
The bullfrog skeleton hits you but does no damage.
You take 20 damage, and have 48/102 hp.
You are too injured to fight recklessly!
You are too injured to fight recklessly!
The centaur unwields an uncursed shortbow of velocity.
The centaur hits you but does no damage.
The centaur unwields an uncursed shortbow.
The centaur hits you. x2; The bullfrog skeleton hits you.
Things that are here:
an uncursed blowgun; 8 poisoned needles You take 13 damage, and have 35/102 hp.
You scratch the centaur. The centaur barely misses you. The centaur hits you.
* * * LOW HITPOINT WARNING * * *
The centaur closely misses you. The bullfrog skeleton hits you.
* * * LOW HITPOINT WARNING * * *
You take 11 damage, and have 24/102 hp.
You scratch the centaur. The centaur hits you!
* * * LOW HITPOINT WARNING * * *
The centaur hits you.
* * * LOW HITPOINT WARNING * * *
The bullfrog skeleton misses you.
You take 14 damage, and have 10/102 hp.
You are healed.
You feel somewhat less full. The centaur barely misses you.
The centaur hits you but does no damage.
The bullfrog skeleton barely misses you.
The centaur hits you.
* * * LOW HITPOINT WARNING * * *
You regained 4 hp, and now have 14/102 hp.
You now have 11/12 mp.
Heal: a centaur The centaur turns neutral.
Your Throwing skill increases to level 2!
You feel somewhat less full. The centaur hits you!
* * * LOW HITPOINT WARNING * * *
The bullfrog skeleton closely misses you.
The centaur hits you!
You die...

####...#
#.............####...... #...#
#.............# #...... #...#
#...######....# #...### #
#...# #...######....####...# .
..... ...................... .
...........######....####.....
. .......)####........####
.......)Z(....(.....
.....c.@####.#####.. .......c#
#.# ........# #.# ........#
#.# ........# #.# ........#
#.# ........# .# .........


You could see a centaur, a bullfrog skeleton and a neutral centaur (wandering).

Vanquished Creatures
  Erica (D:9)
  A two-headed ogre (D:9)
  Pikel (D:8)
  An ugly thing (D:9)
  A manticore (D:8)
  Joseph (D:7)
  The ghost of MTVSty1e the Carver, a novice HuFi of Okawaru (D:4)
  Edmund (D:5)
  A water moccasin (D:8)
  Duvessa (D:4)
  2 black bears
  2 orc warriors
  2 ice beasts
  2 slaves (D:8)
  2 ogres
  2 phantoms
  A sky beast (D:8)
  3 centaurs
  A big kobold (D:9)
  2 wyvern zombies
  2 bullfrogs (D:8)
  Dowan (D:4)
  3 scorpions
  A water moccasin skeleton (D:7)
  3 electric eels
  3 crimson imps
  A jelly (D:5)
  3 hounds
  2 bullfrog skeletons
  7 orc priests
  2 centaur skeletons
  An iguana (D:8)
  7 orc wizards
  Natasha (thrice) (D:2)
  3 worker ants
  A hound skeleton (D:5)
  Robin (D:2)
  14 adders
  2 shadow imps
  An adder zombie (D:8)
  An adder skeleton (D:4)
  4 worms
  A dart slug (D:1)
  6 leopard geckos
  22 orcs
  7 giant cockroaches
  16 goblins
  7 hobgoblins
  9 jackals
  A quokka (D:8)
  A ball python (D:1)
  7 bats
  A frilled lizard (D:3)
  2 jackal skeletons
  A jackal zombie (D:7)
  13 kobolds
  6 rats
  A spectral orc (D:4)
196 creatures vanquished.

Notes
Turn   | Place    | Note
-------+----------+-------------------------------------------
     0 | D:1      | grisnicke the Troll Skald began the quest for the Orb.
     0 | D:1      | Reached XP level 1. HP: 19/19 MP: 1/1
   162 | D:1      | Reached XP level 2. HP: 28/28 MP: 2/2
   288 | D:1      | Reached skill level 2 in Fighting
   354 | D:1      | Reached skill level 3 in Unarmed Combat
   663 | D:2      | Noticed Natasha
   668 | D:2      | Reached XP level 3. HP: 29/35 MP: 3/3
   670 | D:2      | Killed Natasha
   828 | D:2      | Noticed Robin
   846 | D:2      | Killed Robin
   846 | D:2      | Reached XP level 4. HP: 40/44 MP: 4/4
   858 | D:2      | Reached skill level 4 in Unarmed Combat
  1176 | D:2      | Found a white marble altar of Elyvilon.
  1178 | D:2      | Found an iron altar of Okawaru.
  1178 | D:2      | Found a bloodstained altar of Trog.
  1180 | D:2      | Found a deep blue altar of Sif Muna.
  1180 | D:2      | Found a shimmering altar of Xom.
  1180 | D:2      | Found a stormy altar of Qazlal.
  1246 | D:2      | Noticed Natasha
  1254 | D:2      | Killed Natasha
  1254 | D:2      | Reached XP level 5. HP: 39/52 MP: 5/5
  1541 | D:2      | Noticed Natasha
  1551 | D:2      | Killed Natasha
  1608 | D:2      | Reached skill level 3 in Fighting
  1657 | D:3      | Reached skill level 5 in Unarmed Combat
  1775 | D:3      | Found a shadowy altar of Dithmenos.
  1980 | D:3      | Reached XP level 6. HP: 61/61 MP: 6/6
  1984 | D:3      | Learned a level 2 spell: Shroud of Golubria
  2436 | D:4      | Noticed MTVSty1e's ghost (novice HuFi)
  2455 | D:4      | Killed MTVSty1e's ghost
  2455 | D:4      | Reached skill level 6 in Unarmed Combat
  2455 | D:4      | Reached XP level 7. HP: 37/68 MP: 7/7
  2555 | D:4      | Found a bloodstained altar of Trog.
  2638 | D:4      | Reached skill level 4 in Fighting
  2696 | D:4      | Noticed Dowan
  2718 | D:4      | Noticed Duvessa
  2737 | D:4      | Killed Duvessa
  2737 | D:4      | Reached skill level 7 in Unarmed Combat
  2740 | D:4      | Killed Dowan
  2818 | D:4      | Found a white marble altar of Elyvilon.
  2941 | D:4      | Found Yjucog's Distillery.
  2952 | D:4      | Bought a potion of heal wounds for 70 gold pieces
  2952 | D:4      | Bought a potion of curing for 42 gold pieces
  3070 | D:4      | Found a basalt altar of Yredelemnul.
  3136 | D:4      | Became a worshipper of Elyvilon the Healer
  3214 | D:4      | Found a staircase to the Ecumenical Temple.
  3223 | Temple   | Entered the Ecumenical Temple
  3387 | D:5      | Entered Level 5 of the Dungeon
  3627 | D:5      | Reached XP level 8. HP: 71/79 MP: 8/8
  3637 | D:5      | Reached skill level 8 in Unarmed Combat
  3779 | D:5      | Reached * piety under Elyvilon
  3834 | D:5      | Found an ancient bone altar of Kikubaaqudgha.
  3848 | D:5      | Noticed Edmund
  3862 | D:5      | Killed Edmund
  3862 | D:5      | Reached skill level 1 in Invocations
  4225 | D:6      | Reached skill level 5 in Fighting
  4225 | D:6      | Reached skill level 2 in Invocations
  4395 | D:6      | Found a glowing silver altar of Zin.
  4869 | D:6      | Reached skill level 3 in Invocations
  4940 | D:7      | Found an ornate altar of the Wu Jian Council.
  4981 | D:7      | Reached ** piety under Elyvilon
  5114 | D:7      | Reached skill level 9 in Unarmed Combat
  5400 | D:7      | Noticed Joseph
  5415 | D:7      | Killed Joseph
  5415 | D:7      | Reached skill level 4 in Invocations
  5415 | D:7      | Reached XP level 9. HP: 54/88 MP: 9/11
  6031 | D:7      | Reached *** piety under Elyvilon
  6448 | D:8      | Reached skill level 5 in Invocations
  6659 | D:8      | Reached skill level 2 in Dodging
  6659 | D:8      | Reached skill level 10 in Unarmed Combat
  6888 | D:8      | Noticed a manticore
  6912 | D:8      | Reached skill level 6 in Fighting
  7218 | D:8      | Reached skill level 3 in Dodging
  7642 | D:8      | Killed a manticore
  7642 | D:8      | Reached skill level 4 in Dodging
  7642 | D:8      | Reached XP level 10. HP: 45/100 MP: 12/12
  7889 | D:8      | Noticed Pikel
  7897 | D:8      | Killed Pikel
  8087 | D:9      | Noticed a cyan ugly thing
  8097 | D:9      | Killed a cyan ugly thing
  8097 | D:9      | Reached skill level 5 in Dodging
  8169 | D:9      | Noticed Erica
  8203 | D:9      | Killed Erica
  8203 | D:9      | Reached skill level 1 in Throwing
  8312 | D:9      | Noticed a two-headed ogre
  8331 | D:9      | Killed a two-headed ogre
  8331 | D:9      | Reached skill level 7 in Fighting
  8506 | D:9      | HP: 24/102 [bullfrog skeleton (6)]
  8507 | D:9      | HP: 10/102 [centaur (4)]
  8509 | D:9      | Reached skill level 2 in Throwing
  8509 | D:9      | Slain by a centaur

Skill      XL: |  1  2  3  4  5  6  7  8  9 10 |
---------------+-------------------------------+-----
Fighting       | 2 3 4 5 6 7 |  7.1
Unarmed Combat | 3 4 5 6 7 9 10 | 10.9
Invocations    | 4 5 |  5.1
Dodging        | 4 5 |  5.9
Throwing       | 2 |  2.0
Spellcasting   | |  1.2
Charms         | |  2.0

Action                   |  1- 3 |  4- 6 |  7- 9 | 10-12 || total
-------------------------+-------+-------+-------+-------++-------
Melee: Unarmed           |   110 |   152 |   270 |    74 ||   606
       Punch             |       |     3 |    13 |     7 ||    23
 Fire: Hunting sling     |       |    35 |    88 |       ||   123
       Blowgun           |       |       |    29 |     6 ||    35
Throw: Stone             |    10 |    14 |     3 |       ||    27
       Tomahawk          |       |       |       |     2 ||     2
 Cast: Infusion          |     2 |       |       |       ||     2
       Shroud of Golubri |       |       |       |     1 ||     1
Invok: Heal Other        |       |       |     2 |     1 ||     3
       Lesser Healing    |       |       |     1 |     1 ||     2
Evoke: Wand              |       |       |    11 |     4 ||    15
  Use: Scroll            |       |    11 |    10 |     1 ||    22
       Potion            |       |       |     1 |       ||     1
 Stab: Sleeping          |       |     1 |       |     1 ||     2
  Eat: Chunk             |     5 |    23 |    47 |     8 ||    83
Armor: Robe              |    32 |    50 |    64 |    33 ||   179
Dodge: Dodged            |    57 |    84 |   105 |    48 ||   294

Vault maps used:
D:1:      zaba_arrival_water, serial_glass, glass_columns_b, glass_columns_a,
          glass_columns_a, glass_columns_a
D:2:      doesnt_xom_only_xom, uniq_natasha, uniq_robin
D:3:      lemuel_doored_altar
D:4:      yredelemnul_forgotten_temple_becter, lightli_temple_of_fire,
          minmay_temple_entry_fiery, serial_shops, nicolae_shop_window_shopping,
          first_ration, elyvilon_altar_3, uniq_duvessa
D:5:      kennysheep_little_box, grunt_decor_mini_mirrors, uniq_edmund
D:6:      marbit_many_paths, chequers_big_river
D:7:      kennysheep_mini_moat, uniq_joseph
D:8:      kennysheep_island_fort, uniq_pikel
D:9:      nicolae_overflow_crystal_walls, lemuel_crystal_altar,
          lemuel_round_altar, uniq_erica
Temple:   nicolae_temple_x_marks_the_god

Table legend:
 A = Turns spent in this place as a percentage of turns spent in the entire game.
 B = Non-inter-level travel turns spent in this place as a percentage of non-inter-level travel turns spent in the entire game.
 C = Inter-level travel turns spent in this place as a percentage of turns spent in this place.
 D = Turns resting spent in this place as a percentage of non-inter-level travel turns spent in this place.
 E = Turns spent auto-exploring this place as a percentage of non-inter-level travel turns spent in this place.
 F = Non-inter-level travel turns spent in this place divided by the number of levels of this place that you've seen.
                   A       B       C       D       E      F
               +-------+-------+-------+-------+-------+----------------------
         Total | 100.0 | 100.0 |   5.3 |  13.1 |  45.7 | 805.8
       Dungeon |  99.3 |  99.3 |   5.3 |  13.2 |  45.4 | 889.4
        Temple |   0.7 |   0.7 |  11.7 |   0.0 |  96.2 |  53.0
               +-------+-------+-------+-------+-------+----------------------

Table legend:
 A = Kills in this place as a percentage of kills in entire the game.
 B = Kills by you in this place as a percentage of kills by you in the entire game.
 C = Kills by friends in this place as a percentage of kills by friends in the entire game.
 D = Other kills in this place as a percentage of other kills in the entire game.
 E = Experience gained in this place as a percentage of experience gained in the entire game.
 F = Experience gained in this place divided by the number of levels of this place that you have seen.
                   A       B       C       D       E      F
               +-------+-------+-------+-------+-------+----------------------
         Total | 100.0 | 100.0 |   N/A |   N/A | 100.0 | 936.3
       Dungeon | 100.0 | 100.0 |   N/A |   N/A | 100.0 | 1040.3
               +-------+-------+-------+-------+-------+----------------------
